Map: 큐리어스 마인즈 - 래더

Players

Zoun

  • Race: Protoss Protoss
  • League: Master

DPGZest (Zest) - Winner!

  • Race: Protoss Protoss
  • League: Master

Event: DreamHack SC2 Masters Last Chance 2022

VOD

Have the link to the VOD?

Description

Time

  • Played on: Dec. 15, 2021, 7:22 a.m.
  • Length: 16:25

All games in this series

Show
View Real Time Build Order
Export as new Build Order

Zoun Protoss 

Build Orders: Phoenix Opening, Carriers, Mass Phoenix 

Get SALT Encoding   

  12  0:01  Probe  
  13  0:13  Probe  
  14  0:19  Pylon  
  14  0:25  Probe  
  15  0:37  Gateway, Probe (Chrono Boost)  
  16  0:47  Assimilator, Probe (Chrono Boost)  
  17  0:52  Probe (Chrono Boost)  
  18  1:04  Probe (Chrono Boost)  
  19  1:05  Assimilator  
  19  1:13  Pylon  
  19  1:15  Probe (Chrono Boost)  
  20  1:19  Probe (Chrono Boost)  
  21  1:27  Cybernetics Core  
  21  1:30  Probe  
  22  1:37  Zealot  
  24  1:42  Probe  
  25  2:05  Stargate  
  25  2:06  Stalker  
  27  2:17  Warp Gate  
  27  2:28  Probe  
  28  2:35  Nexus  
  28  2:40  Probe  
  31  2:47  Phoenix (Chrono Boost)  
  31  2:48  Pylon  
  31  2:56  Shield Battery  
  31  2:58  Probe  
  31  3:06  Phoenix (Chrono Boost)  
  31  3:11  Probe  
  34  3:17  Pylon  
  34  3:24  Phoenix (Chrono Boost)  
  36  3:29  Probe  
  37  3:41  Probe  
  37  3:42  Stargate  
  37  3:47  Probe  
  39  3:54  Assimilator  
  39  3:55  Phoenix (Chrono Boost)  
  39  3:59  Probe  
  39  4:01  Probe  
  43  4:11  Probe  
  43  4:13  Probe  
  47  4:18  Phoenix (Chrono Boost)  
  47  4:19  Assimilator  
  47  4:25  Probe  
  47  4:26  Probe  
  47  4:27  Phoenix (Chrono Boost)  
  51  4:37  Probe  
  51  4:38  Probe  
  53  4:44  Phoenix (Chrono Boost)  
  55  4:49  Probe  
  55  4:50  Phoenix (Chrono Boost)  
  55  4:51  Probe  
  53  5:01  Probe  
  53  5:04  Pylon  
  53  5:06  Probe  
  57  5:11  Phoenix x2 (Chrono Boost)  
  59  5:15  Probe  
  59  5:19  Probe  
  61  5:32  Phoenix (Chrono Boost)  
  61  5:34  Phoenix (Chrono Boost)  
  63  5:35  Probe  
  63  5:36  Probe  
  65  5:55  Nexus  
  67  5:59  Phoenix (Chrono Boost)  
  67  6:00  Phoenix (Chrono Boost)  
  67  6:02  Pylon  
  67  6:08  Fleet Beacon  
  67  6:12  Phoenix (Chrono Boost)  
  69  6:23  Phoenix  
  65  6:31  Probe x2  
  59  6:34  Shield Battery  
  59  6:39  Phoenix  
  61  6:44  Probe x2  
  61  6:46  Anion Pulse-Crystals (Chrono Boost)  
  63  6:56  Probe x2, Shield Battery  
  63  6:59  Phoenix  
  67  7:08  Probe x2  
  71  7:09  Assimilator  
  71  7:10  Phoenix (Chrono Boost), Probe  
  71  7:15  Assimilator  
  72  7:20  Probe x2  
  74  7:24  Phoenix (Chrono Boost), Probe  
  77  7:30  Pylon  
  77  7:35  Probe x2 (Chrono Boost)  
  77  7:36  Probe (Chrono Boost)  
  82  7:38  Phoenix (Chrono Boost)  
  82  7:41  Stargate  
  82  7:46  Probe (Chrono Boost)  
  82  7:47  Phoenix  
  82  7:49  Probe x2 (Chrono Boost)  
  87  7:51  Probe (Chrono Boost)  
  87  7:57  Probe x2  
  90  7:59  Phoenix  
  90  8:02  Probe  
  90  8:03  Pylon  
  90  8:04  Pylon  
  93  8:09  Probe  
  94  8:15  Probe x2  
  95  8:24  Probe  
  109  8:27  Probe  
  109  8:29  Carrier x2 (Chrono Boost)  
  109  8:37  Forge  
  115  8:42  Carrier (Chrono Boost)  
  115  8:50  Pylon x2  
  115  8:55  Nexus  
  115  8:58  Pylon  
  115  9:02  Mothership (Chrono Boost)  
  123  9:13  Pylon  
  123  9:18  Shield Battery  
  123  9:20  Phoenix (Chrono Boost)  
  120  9:36  Phoenix x2 (Chrono Boost)  
  121  9:48  Probe  
  121  9:51  Phoenix (Chrono Boost)  
  119  9:55  Photon Cannon  
  119  9:57  Phoenix (Chrono Boost)  
  120  10:14  Phoenix (Chrono Boost)  
  120  10:15  Phoenix (Chrono Boost)  
  120  10:18  Stargate  
  133  10:21  Assimilator  
  133  10:25  Assimilator  
  133  10:26  Probe x3 (Chrono Boost)  
  133  10:28  Carrier (Chrono Boost)  
  133  10:31  Pylon  
  133  10:36  Carrier (Chrono Boost)  
  133  10:42  Probe x3  
  142  10:43  Shield Battery  
  142  10:47  Photon Cannon  
  92  10:50  Phoenix (Chrono Boost)  
  144  10:52  Probe  
  144  10:54  Probe x2  
  144  10:55  Probe  
  148  10:57  Protoss Air Weapons Level 1 (Chrono Boost)  
  148  11:07  Pylon  
  148  11:09  Pylon  
  148  11:18  Robotics Facility  
  148  11:25  Carrier (Chrono Boost), Probe x2  
  156  11:27  Probe x2  
  156  11:28  Pylon  
  156  11:32  Carrier (Chrono Boost), Pylon x2  
  158  11:34  Pylon  
  164  11:42  Probe x4  
  163  11:54  Probe x3  
  163  11:57  Probe  
  165  12:02  Carrier (Chrono Boost)  
  165  12:03  Carrier (Chrono Boost)  
  165  12:06  Probe x3  
  165  12:08  Observer, Pylon  
  181  12:23  Pylon  
  181  12:27  Pylon  
  181  12:29  Carrier x2 (Chrono Boost)  
  174  12:34  Observer  
  187  12:43  Stargate  
  187  12:47  Stargate  
  182  12:54  Carrier (Chrono Boost), Probe x2  
  184  13:01  Probe, Pylon  
  184  13:03  Carrier (Chrono Boost)  
  197  13:11  Observer  
  197  13:14  Nexus  
  197  13:16  Pylon  
  197  13:18  Zealot  
  199  13:26  Protoss Air Weapons Level 2 (Chrono Boost)  
  199  13:36  Shield Battery  
  199  13:43  Photon Cannon x2  
  199  13:54  Stargate  
  199  13:55  Stargate  
  199  14:00  Stargate  
  198  14:03  Observer  
  199  14:35  Phoenix x2 (Chrono Boost)  
  199  14:37  Phoenix x3 (Chrono Boost)  
  129  14:52  Carrier (Chrono Boost)  
  129  14:53  Carrier x3 (Chrono Boost)  
  129  14:59  Carrier (Chrono Boost)  
  152  15:05  Assimilator  
  152  15:06  Assimilator  
  156  15:08  Photon Cannon, Phoenix x2 (Chrono Boost)  
  156  15:10  Photon Cannon, Phoenix (Chrono Boost)  
  156  15:12  Phoenix (Chrono Boost)  
  160  15:26  Phoenix x2  
  152  15:29  Probe  
  152  15:34  Phoenix x2  
  145  15:40  Probe  
  136  15:47  Phoenix  
  136  15:48  Phoenix x2  
  125  15:55  Observer (Chrono Boost)  
  103  15:59  Phoenix x2  
Show
View Real Time Build Order
Export as new Build Order

DPGZest Protoss - Winner!

Build Orders: Phoenix Opening, Carriers, Mass Phoenix 

Get SALT Encoding   

  12  0:00  Probe  
  13  0:12  Probe  
  14  0:17  Pylon  
  14  0:24  Probe (Chrono Boost)  
  15  0:36  Probe (Chrono Boost)  
  15  0:38  Gateway  
  16  0:43  Probe (Chrono Boost)  
  16  0:46  Assimilator  
  17  0:51  Probe  
  18  1:03  Probe (Chrono Boost)  
  19  1:04  Assimilator  
  19  1:08  Pylon  
  19  1:12  Probe (Chrono Boost)  
  19  1:17  Probe (Chrono Boost)  
  20  1:25  Cybernetics Core  
  21  1:29  Probe  
  21  1:31  Zealot  
  24  1:41  Probe  
  25  1:53  Probe  
  26  2:03  Stargate  
  26  2:17  Nexus, Probe  
  27  2:29  Probe  
  28  2:38  Pylon  
  28  2:42  Probe  
  29  2:45  Phoenix (Chrono Boost)  
  30  2:54  Probe  
  31  3:01  Phoenix  
  33  3:06  Probe  
  33  3:09  Shield Battery  
  34  3:18  Probe  
  34  3:19  Stargate  
  35  3:23  Assimilator  
  35  3:28  Phoenix  
  35  3:31  Probe x2  
  39  3:43  Probe x2  
  41  3:53  Phoenix (Chrono Boost)  
  41  3:55  Probe x2  
  47  4:07  Phoenix (Chrono Boost), Probe x2  
  47  4:09  Pylon  
  51  4:18  Phoenix (Chrono Boost)  
  51  4:19  Probe  
  51  4:21  Assimilator  
  52  4:27  Probe  
  52  4:29  Phoenix (Chrono Boost)  
  55  4:32  Probe  
  55  4:36  Pylon  
  55  4:37  Phoenix (Chrono Boost)  
  58  4:39  Probe  
  58  4:44  Probe  
  60  4:52  Phoenix (Chrono Boost)  
  62  4:54  Probe  
  62  4:55  Phoenix (Chrono Boost)  
  59  5:01  Probe  
  59  5:06  Probe  
  61  5:09  Warp Gate  
  61  5:11  Pylon  
  63  5:17  Pylon  
  63  5:18  Phoenix x2 (Chrono Boost)  
  65  5:36  Nexus  
  65  5:40  Phoenix (Chrono Boost)  
  69  5:43  Phoenix (Chrono Boost)  
  69  5:52  Pylon  
  69  5:56  Fleet Beacon  
  69  6:01  Probe x2  
  71  6:06  Phoenix  
  71  6:10  Shield Battery  
  73  6:13  Probe x2  
  73  6:15  Phoenix  
  75  6:31  Phoenix  
  75  6:32  Probe x2  
  69  6:34  Anion Pulse-Crystals (Chrono Boost)  
  69  6:36  Assimilator  
  69  6:42  Assimilator  
  69  6:44  Probe x2  
  69  6:46  Phoenix  
  73  6:48  Shield Battery  
  73  6:49  Probe  
  74  6:56  Phoenix  
  74  6:58  Probe x2  
  78  7:01  Probe  
  79  7:10  Probe x2  
  79  7:11  Phoenix  
  79  7:13  Probe  
  84  7:18  Stargate  
  84  7:22  Probe x2  
  86  7:25  Probe  
  87  7:34  Probe x2  
  87  7:36  Pylon  
  95  7:37  Probe  
  95  7:39  Carrier (Chrono Boost)  
  96  7:51  Carrier (Chrono Boost)  
  102  7:52  Pylon  
  108  8:06  Carrier (Chrono Boost)  
  108  8:10  Nexus  
  108  8:16  Stargate  
  108  8:34  Phoenix (Chrono Boost)  
  108  8:36  Phoenix (Chrono Boost)  
  108  8:37  Robotics Facility  
  108  8:41  Probe x2  
  112  8:42  Pylon  
  112  8:47  Pylon  
  112  8:48  Assimilator  
  112  8:52  Assimilator  
  112  8:54  Protoss Air Weapons Level 1 (Chrono Boost), Phoenix (Chrono Boost)  
  116  8:58  Phoenix (Chrono Boost)  
  116  8:59  Phoenix (Chrono Boost)  
  116  9:00  Gateway  
  120  9:02  Pylon  
  120  9:07  Shield Battery  
  120  9:08  Phoenix (Chrono Boost)  
  120  9:12  Phoenix (Chrono Boost)  
  120  9:13  Pylon  
  120  9:14  Phoenix (Chrono Boost)  
  124  9:34  Phoenix (Chrono Boost)  
  124  9:37  Phoenix (Chrono Boost)  
  132  9:42  Phoenix (Chrono Boost)  
  132  9:44  Phoenix (Chrono Boost)  
  132  9:57  Phoenix (Chrono Boost)  
  132  9:59  Phoenix (Chrono Boost), Probe  
  139  10:01  Phoenix (Chrono Boost)  
  139  10:05  Phoenix (Chrono Boost)  
  141  10:07  Probe  
  141  10:08  Probe  
  143  10:15  Phoenix  
  143  10:16  Phoenix  
  143  10:18  Nexus  
  143  10:19  Phoenix, Probe x2  
  143  10:20  Probe  
  152  10:32  Phoenix  
  154  10:36  Observer  
  154  10:39  Phoenix  
  157  10:44  Pylon  
  157  10:45  Phoenix x2  
  161  10:51  Stargate  
  161  10:58  Phoenix (Chrono Boost)  
  163  11:17  Carrier (Chrono Boost)  
  157  11:23  Carrier (Chrono Boost)  
  175  11:28  Carrier (Chrono Boost)  
  175  11:29  Assimilator  
  175  11:33  Assimilator  
  175  11:36  Forge  
  175  11:38  Shield Battery  
  175  11:39  Protoss Air Weapons Level 2 (Chrono Boost)  
  175  11:40  Shield Battery  
  173  11:59  Carrier (Chrono Boost)  
  185  12:08  Cybernetics Core, Carrier (Chrono Boost)  
  185  12:10  Carrier (Chrono Boost)  
  191  12:18  Pylon  
  191  12:20  Pylon  
  191  12:28  Carrier  
  197  12:37  Carrier  
  193  12:56  Carrier  
  193  12:57  Mothership (Chrono Boost)  
  199  13:07  Sentry  
  199  13:17  Carrier  
  199  13:20  Protoss Air Armor Level 1 (Chrono Boost)  
  199  13:29  Nexus  
  199  13:31  Carrier, Pylon  
  199  13:34  Observer  
  199  13:41  Photon Cannon  
  199  13:44  Observer  
  199  13:56  Observer (Chrono Boost)  
  199  13:57  Protoss Air Weapons Level 3 (Chrono Boost)  
  191  14:37  Carrier (Chrono Boost)  
  179  14:45  Carrier (Chrono Boost)  
  165  14:47  Carrier x2 (Chrono Boost)  
  167  14:57  Carrier (Chrono Boost)  
  167  15:04  Nexus  
  168  15:14  Observer  
  160  15:34  Phoenix (Chrono Boost)  
  150  15:44  Phoenix (Chrono Boost)  
  150  15:49  Phoenix (Chrono Boost)  
  146  15:54  Phoenix (Chrono Boost)  
  150  15:58  Phoenix (Chrono Boost)  
  150  16:00  Phoenix (Chrono Boost)  
  150  16:04  Phoenix (Chrono Boost)  
  152  16:06  Phoenix (Chrono Boost)  

Tags
 
Add a new tag
Caveats
  • Supply blocks, unpowered buildings, or Contaminate may cause inaccurate times.
  • Supply counts are checked every 10 seconds.